[ AOE2 MATCH · #506510599 ]
UnrankedJurchens vs Maya
Player's team · WIN
Rival team · LOSS
[ REPLAY ANALYSIS · EXTRACTED FROM THE RECORDED GAME ]
Feudal
12:27
Castle
20:32
Imperial
41:20
| APM avg | 54.0 |
| APM peak | 97 |
| eAPM avg | 24.8 |
| Villagers / military | 119 / 480 |
Focus
⚔️ 42.1% · 🌾 57.9%
Skirmisher ×282 · Scout Cavalry ×136 · Unknown (1911) ×97 · Steppe Lancer ×30 · Iron Pagoda ×13 · Trebuchet (Packed) ×9
Feudal
9:22
Castle
20:52
Imperial
39:08
| APM avg | 87.2 |
| APM peak | 213 |
| eAPM avg | 63.7 |
| Villagers / military | 316 / 657 |
Focus
⚔️ 75.2% · 🌾 24.8%
Spearman ×420 · Skirmisher ×74 · Archer ×56 · Plumed Archer ×44 · Eagle Scout ×25 · Mangonel ×15
Match map
Initial resources + every placement click. Lines = walls · curves = elevation contours. ◆ gold · ⬟ stone · ● berries · ✦ relic · ◌ wall gap
Your base· Open — 8t gap
TeKarino's base· ✓ Closed at 20:52 · 42t walls · 3 gate(s)
Smoothed initial terrain · ◌ = detected wall gap · hover for details
Inputs per minute
— CORP_hector_sin_elo - - TeKarino
Build order — CORP_hector_sin_elo
First 150 of 643 actions detected
| 0:00 | Create | Villager (Male) |
| 0:01 | Create | Villager (Male) |
| 0:01 | Create | Villager (Male) |
| 0:02 | Build | House |
| 0:04 | Build | House |
| 0:43 | Create | Villager (Male) |
| 0:43 | Create | Villager (Male) |
| 1:27 | Create | Villager (Male) |
| 1:27 | Create | Villager (Male) |
| 1:43 | Create | Villager (Male) |
| 1:43 | Create | Villager (Male) |
| 2:13 | Create | Villager (Male) |
| 2:42 | Create | Villager (Male) |
| 3:16 | Create | Villager (Male) |
| 3:25 | Build | Barracks |
| 3:41 | Create | Villager (Male) |
| 3:57 | Build | House |
| 4:06 | Create | Villager (Male) |
| 4:27 | Create | Militia |
| 4:50 | Create | Villager (Male) |
| 4:50 | Create | Villager (Male) |
| 4:54 | Build | Lumber Camp |
| 5:10 | Create | Villager (Male) |
| 5:15 | Build | House |
| 5:27 | Create | Militia |
| 5:43 | Create | Villager (Male) |
| 5:56 | Create | Militia |
| 6:05 | Build | House |
| 6:15 | Create | Villager (Male) |
| 6:31 | Create | Militia |
| 6:48 | Create | Villager (Male) |
| 6:51 | Build | House |
| 7:03 | Create | Villager (Male) |
| 7:27 | Create | Villager (Male) |
| 7:30 | Build | Palisade Wall |
| 7:37 | Create | Militia |
| 7:40 | Create | Villager (Male) |
| 7:57 | Build | House |
| 7:58 | Build | Palisade Wall |
| 7:59 | Build | Palisade Wall |
| 8:07 | Create | Villager (Male) |
| 8:22 | Create | Villager (Male) |
| 8:27 | Build | Mill |
| 9:21 | Create | Villager (Male) |
| 9:25 | Build | Farm |
| 9:48 | Build | Farm |
| 9:49 | Build | Farm |
| 9:55 | Build | Mining Camp |
| 10:17 | Research | Feudal Age |
| 10:17 | Research | Feudal Age |
| 10:32 | Build | Farm |
| 10:47 | Build | House |
| 10:50 | Build | Palisade Wall |
| 10:52 | Build | Palisade Wall |
| 10:54 | Build | Palisade Wall |
| 10:57 | Build | Palisade Wall |
| 11:52 | Research | Loom |
| 12:02 | Build | House |
| 12:05 | Build | Palisade Wall |
| 12:07 | Build | Farm |
| 12:23 | Build | Palisade Wall |
| 12:25 | Build | Palisade Wall |
| 12:27 | Age | Feudal Age |
| 12:29 | Research | Man-at-Arms (upgrade) |
| 12:31 | Create | Villager (Male) |
| 12:47 | Research | Double-Bit Axe |
| 12:51 | Build | Palisade Wall |
| 12:52 | Build | Palisade Wall |
| 12:53 | Build | Palisade Wall |
| 12:53 | Build | Palisade Wall |
| 12:54 | Build | Palisade Wall |
| 12:55 | Build | Palisade Wall |
| 12:56 | Build | Palisade Wall |
| 12:56 | Build | Palisade Wall |
| 13:07 | Create | Villager (Male) |
| 13:48 | Create | Villager (Male) |
| 13:56 | Build | Archery Range |
| 14:15 | Create | Villager (Male) |
| 14:16 | Create | Villager (Male) |
| 14:41 | Build | Blacksmith |
| 15:02 | Build | Farm |
| 15:08 | Research | Wheelbarrow |
| 15:20 | Create | Skirmisher |
| 15:20 | Create | Skirmisher |
| 15:29 | Research | Padded Archer Armor |
| 15:36 | Build | House |
| 15:42 | Build | House |
| 15:45 | Build | Palisade Wall |
| 15:49 | Create | Skirmisher |
| 15:50 | Create | Villager (Male) |
| 15:55 | Build | Farm |
| 16:00 | Build | Farm |
| 16:23 | Build | Farm |
| 16:27 | Create | Skirmisher |
| 16:34 | Build | Farm |
| 16:43 | Build | Farm |
| 16:53 | Build | Farm |
| 16:54 | Create | Villager (Male) |
| 17:19 | Build | Farm |
| 17:22 | Build | Farm |
| 17:31 | Build | Farm |
| 17:52 | Research | Castle Age |
| 17:52 | Research | Castle Age |
| 18:22 | Build | Stable |
| 18:30 | Build | House |
| 18:35 | Build | House |
| 18:39 | Research | Horse Collar |
| 18:43 | Create | Skirmisher |
| 18:51 | Research | Fletching |
| 19:10 | Build | Palisade Wall |
| 19:14 | Create | Skirmisher |
| 19:22 | Build | Farm |
| 19:29 | Create | Villager (Male) |
| 19:36 | Create | Skirmisher |
| 19:38 | Research | Bloodlines |
| 19:53 | Build | House |
| 19:56 | Build | Palisade Wall |
| 19:57 | Build | Palisade Wall |
| 20:09 | Research | Forging |
| 20:10 | Create | Skirmisher |
| 20:25 | Create | Skirmisher |
| 20:32 | Build | Farm |
| 20:32 | Age | Castle Age |
| 20:42 | Create | Steppe Lancer |
| 20:48 | Research | Elite Skirmisher (upgrade) |
| 20:49 | Research | Elite Skirmisher (upgrade) |
| 21:00 | Create | Villager (Male) |
| 21:16 | Create | Steppe Lancer |
| 21:17 | Create | Villager (Male) |
| 21:28 | Create | Skirmisher |
| 21:39 | Create | Skirmisher |
| 22:16 | Create | Villager (Male) |
| 22:26 | Build | Town Center |
| 22:44 | Create | Steppe Lancer |
| 22:44 | Create | Villager (Male) |
| 22:44 | Create | Villager (Male) |
| 22:51 | Research | Scale Barding Armor |
| 23:08 | Create | Villager (Male) |
| 23:17 | Build | House |
| 23:18 | Build | Palisade Wall |
| 23:24 | Build | Palisade Gate |
| 23:26 | Build | Palisade Wall |
| 23:31 | Create | Steppe Lancer |
| 23:36 | Create | Skirmisher |
| 23:37 | Create | Villager (Male) |
| 24:08 | Create | Villager (Male) |
| 24:08 | Create | Villager (Male) |
| 24:12 | Build | Lumber Camp |
| 24:31 | Create | Skirmisher |
| 24:33 | Create | Steppe Lancer |
Build order — TeKarino
First 150 of 1359 actions detected
| 0:02 | Research | Loom |
| 0:03 | Build | House |
| 0:05 | Build | House |
| 0:22 | Create | Villager (Male) |
| 0:29 | Create | Villager (Male) |
| 0:31 | Create | Villager (Male) |
| 1:33 | Create | Villager (Male) |
| 1:34 | Create | Villager (Male) |
| 1:56 | Create | Villager (Male) |
| 2:19 | Build | Mill |
| 2:31 | Create | Villager (Male) |
| 2:31 | Create | Villager (Male) |
| 3:13 | Create | Villager (Male) |
| 3:14 | Create | Villager (Male) |
| 3:25 | Build | House |
| 3:27 | Build | House |
| 3:29 | Build | Palisade Wall |
| 3:49 | Create | Villager (Male) |
| 4:26 | Create | Villager (Male) |
| 4:53 | Create | Villager (Male) |
| 5:17 | Create | Villager (Male) |
| 5:30 | Build | Lumber Camp |
| 5:36 | Create | Villager (Male) |
| 6:06 | Create | Villager (Male) |
| 6:44 | Create | Villager (Male) |
| 7:13 | Research | Feudal Age |
| 7:13 | Research | Feudal Age |
| 7:17 | Build | House |
| 7:19 | Build | House |
| 7:22 | Build | Palisade Wall |
| 7:40 | Build | House |
| 7:43 | Build | House |
| 7:44 | Build | Palisade Wall |
| 8:02 | Create | Villager (Male) |
| 8:10 | Create | Villager (Male) |
| 8:12 | Build | Mining Camp |
| 8:15 | Create | Villager (Male) |
| 8:21 | Create | Villager (Male) |
| 8:31 | Build | Palisade Wall |
| 8:38 | Create | Villager (Male) |
| 8:40 | Build | Palisade Wall |
| 8:42 | Build | Palisade Wall |
| 8:43 | Build | Palisade Wall |
| 8:56 | Build | Barracks |
| 9:13 | Create | Villager (Male) |
| 9:18 | Create | Villager (Male) |
| 9:22 | Age | Feudal Age |
| 9:36 | Create | Spearman |
| 10:07 | Build | Farm |
| 10:13 | Build | House |
| 10:16 | Build | Palisade Wall |
| 10:18 | Build | Palisade Wall |
| 10:19 | Build | Palisade Wall |
| 10:22 | Build | Palisade Wall |
| 10:26 | Build | House |
| 10:34 | Build | House |
| 10:39 | Build | Palisade Gate |
| 10:55 | Build | Palisade Wall |
| 11:02 | Create | Villager (Male) |
| 11:04 | Build | Archery Range |
| 11:10 | Research | Double-Bit Axe |
| 11:32 | Build | Farm |
| 12:04 | Create | Archer |
| 12:05 | Create | Archer |
| 12:10 | Build | Mill |
| 12:18 | Create | Villager (Male) |
| 12:28 | Build | Archery Range |
| 12:32 | Create | Archer |
| 12:42 | Create | Archer |
| 12:48 | Create | Archer |
| 12:56 | Create | Archer |
| 13:01 | Create | Villager (Male) |
| 13:09 | Build | Blacksmith |
| 13:19 | Create | Villager (Male) |
| 13:19 | Create | Villager (Male) |
| 13:20 | Create | Archer |
| 13:21 | Create | Archer |
| 13:29 | Build | Farm |
| 13:35 | Build | House |
| 13:36 | Build | Palisade Wall |
| 13:49 | Build | Farm |
| 13:50 | Create | Villager (Male) |
| 13:50 | Create | Villager (Male) |
| 13:58 | Build | Farm |
| 14:04 | Create | Archer |
| 14:15 | Build | Farm |
| 14:20 | Create | Villager (Male) |
| 14:20 | Create | Villager (Male) |
| 14:29 | Create | Villager (Male) |
| 14:39 | Research | Fletching |
| 14:39 | Research | Fletching |
| 14:42 | Build | Farm |
| 14:50 | Create | Villager (Male) |
| 14:50 | Create | Villager (Male) |
| 14:52 | Build | Farm |
| 14:54 | Build | Palisade Wall |
| 14:57 | Build | Palisade Wall |
| 14:58 | Create | Villager (Male) |
| 14:58 | Create | Villager (Male) |
| 15:09 | Build | Farm |
| 15:16 | Create | Villager (Male) |
| 15:28 | Build | Farm |
| 15:41 | Create | Villager (Male) |
| 15:47 | Create | Villager (Male) |
| 15:51 | Build | Farm |
| 15:56 | Build | House |
| 15:57 | Create | Villager (Male) |
| 15:59 | Create | Villager (Male) |
| 16:06 | Build | House |
| 16:06 | Create | Villager (Male) |
| 16:18 | Build | Palisade Wall |
| 16:29 | Create | Villager (Male) |
| 16:33 | Build | Farm |
| 16:34 | Create | Villager (Male) |
| 16:44 | Build | Farm |
| 17:06 | Create | Villager (Male) |
| 17:09 | Build | Farm |
| 17:17 | Create | Villager (Male) |
| 17:23 | Build | Farm |
| 18:12 | Research | Castle Age |
| 18:12 | Research | Castle Age |
| 18:18 | Build | Lumber Camp |
| 18:20 | Create | Archer |
| 18:21 | Create | Archer |
| 18:22 | Create | Archer |
| 18:38 | Create | Archer |
| 18:53 | Create | Archer |
| 18:54 | Create | Villager (Male) |
| 19:13 | Create | Villager (Male) |
| 19:15 | Create | Villager (Male) |
| 19:27 | Create | Archer |
| 19:33 | Research | Horse Collar |
| 19:33 | Research | Gold Mining |
| 19:34 | Create | Villager (Male) |
| 19:35 | Create | Archer |
| 19:48 | Create | Archer |
| 19:50 | Create | Villager (Male) |
| 19:58 | Build | House |
| 20:02 | Build | Farm |
| 20:04 | Create | Archer |
| 20:23 | Create | Archer |
| 20:25 | Create | Villager (Male) |
| 20:40 | Build | Gate |
| 20:44 | Build | Gate |
| 20:51 | Create | Archer |
| 20:52 | Create | Archer |
| 20:52 | Age | Castle Age |
| 20:55 | Research | Crossbowman (upgrade) |
| 20:59 | Research | Bodkin Arrow |
| 21:00 | Create | Villager (Male) |
Match timeline
| 3:25 | CORP_hector_sin_elo · first_building Barracks |
| 3:29 | TeKarino · wall_segment Palisade Wall x3 |
| 7:22 | TeKarino · wall_segment Palisade Wall x1 |
| 7:30 | CORP_hector_sin_elo · wall_segment Palisade Wall x1 |
| 7:44 | TeKarino · wall_segment Palisade Wall x1 |
| 7:58 | CORP_hector_sin_elo · wall_segment Palisade Wall x2 |
| 7:59 | CORP_hector_sin_elo · wall_segment Palisade Wall x2 |
| 8:31 | TeKarino · wall_segment Palisade Wall x1 |
| 8:40 | TeKarino · wall_segment Palisade Wall x1 |
| 8:42 | TeKarino · wall_segment Palisade Wall x1 |
| 8:43 | TeKarino · wall_segment Palisade Wall x1 |
| 8:56 | TeKarino · first_building Barracks |
| 9:22 | TeKarino · age_up feudal |
| 10:16 | TeKarino · wall_segment Palisade Wall x1 |
| 10:18 | TeKarino · wall_segment Palisade Wall x1 |
| 10:19 | TeKarino · wall_segment Palisade Wall x1 |
| 10:22 | TeKarino · wall_segment Palisade Wall x1 |
| 10:50 | CORP_hector_sin_elo · wall_segment Palisade Wall x1 |
| 10:52 | CORP_hector_sin_elo · wall_segment Palisade Wall x5 |
| 10:54 | CORP_hector_sin_elo · wall_segment Palisade Wall x1 |
| 10:55 | TeKarino · wall_segment Palisade Wall x1 |
| 10:57 | CORP_hector_sin_elo · wall_segment Palisade Wall x7 |
| 11:04 | TeKarino · first_building Archery Range |
| 12:05 | CORP_hector_sin_elo · wall_segment Palisade Wall x1 |
| 12:23 | CORP_hector_sin_elo · wall_segment Palisade Wall x1 |
| 12:25 | CORP_hector_sin_elo · wall_segment Palisade Wall x8 |
| 12:27 | CORP_hector_sin_elo · age_up feudal |
| 12:51 | CORP_hector_sin_elo · wall_segment Palisade Wall x1 |
| 12:52 | CORP_hector_sin_elo · wall_segment Palisade Wall x1 |
| 12:53 | CORP_hector_sin_elo · wall_segment Palisade Wall x1 |
| 12:53 | CORP_hector_sin_elo · wall_segment Palisade Wall x1 |
| 12:54 | CORP_hector_sin_elo · wall_segment Palisade Wall x1 |
| 12:55 | CORP_hector_sin_elo · wall_segment Palisade Wall x1 |
| 12:56 | CORP_hector_sin_elo · wall_segment Palisade Wall x1 |
| 12:56 | CORP_hector_sin_elo · wall_segment Palisade Wall x1 |
| 13:36 | TeKarino · wall_segment Palisade Wall x4 |
| 13:56 | CORP_hector_sin_elo · first_building Archery Range |
| 14:54 | TeKarino · wall_segment Palisade Wall x1 |
| 14:57 | TeKarino · wall_segment Palisade Wall x10 |
| 15:45 | CORP_hector_sin_elo · wall_segment Palisade Wall x3 |
| 16:18 | TeKarino · wall_segment Palisade Wall x15 |
| 18:22 | CORP_hector_sin_elo · first_building Stable |
| 19:10 | CORP_hector_sin_elo · wall_segment Palisade Wall x1 |
| 19:56 | CORP_hector_sin_elo · wall_segment Palisade Wall x1 |
| 19:57 | CORP_hector_sin_elo · wall_segment Palisade Wall x3 |
| 20:32 | CORP_hector_sin_elo · age_up castle |
| 20:52 | TeKarino · age_up castle |
| 21:02 | TeKarino · first_building Monastery |
| 23:18 | CORP_hector_sin_elo · wall_segment Palisade Wall x6 |
| 23:26 | CORP_hector_sin_elo · wall_segment Palisade Wall x3 |
| 25:15 | TeKarino · first_building Siege Workshop |
| 26:03 | TeKarino · wall_segment Palisade Wall x1 |
| 26:59 | CORP_hector_sin_elo · first_building Siege Workshop |
| 29:55 | CORP_hector_sin_elo · first_building Castle |
| 30:33 | TeKarino · first_market_buy 100 stone |
| 30:48 | CORP_hector_sin_elo · first_building Monastery |
| 34:16 | TeKarino · first_building Castle |
| 35:52 | TeKarino · first_market_sell 100 wood |
| 39:08 | TeKarino · age_up imperial |
| 41:20 | CORP_hector_sin_elo · age_up imperial |
| 75:25 | TeKarino · resign |
[ AI ANALYSIS · 1 CREDIT ]
What really happened in this match?
Wolo.gg analyzes every decision: build order, eco, micro, common mistakes by bracket. Personalized analysis on WhatsApp or Discord in 30 seconds.
Civ guide
Jurchens
Perfil
CORP_hector_sin_elo